 Dungeon Crawl Stone Soup version 0.16-a0-3933-g06ce5c0 (webtiles) character file.

51 abixa the Insei (level 3, 0/17 HPs)
             Began as a Vine Stalker Transmuter on Feb 5, 2015.
             Succumbed to a gnoll's poison
             ... on level 1 of the Dungeon.
             The game lasted 00:05:46 (2188 turns).

abixa the Insei (Vine Stalker Transmuter)           Turns: 2188, Time: 00:05:46

Health: 0/17       AC:  3    Str: 12    XL:     3   Next: 83%
Magic:  5/7        EV: 11    Int: 14    God:
Gold:   117        SH:  0    Dex: 14    Spells: 1 memorised, 5 levels left

rFire  . . .     SeeInvis .       - Unarmed
rCold  . . .     Clarity  .     g - +0 leather armour
rNeg   . . .     SustAb   .     (no shield)
rPois  .         Gourm    .     (no helmet)
rElec  .         Spirit   +     (no cloak)
rCorr  .         Warding  .     (no gloves)
rMut   .         Stasis   .     (no boots)
MR     .....                    (no amulet)
Stlth  +.........               (no ring)
                                (no ring)

@: lethally poisoned (0 -> -3), not resistant to hostile enchantments, very
unstealthy
A: fangs 2, regeneration 1, magic shield, antimagic bite, no device heal 3, rot
immunity
a: no special abilities


You were on level 1 of the Dungeon.
You were not hungry.

You visited 1 branch of the dungeon, and saw 2 of its levels.

You collected 117 gold pieces.

Inventory:

Missiles
 b - 29 arrows
 e - 15 sling bullets
 h - 40 stones (quivered)
Armour
 g - a +0 leather armour (worn)
 r - a +0 ring mail
Scrolls
 i - 5 scrolls of identify {unknown}
 k - 4 scrolls of magic mapping {unknown}
 m - a scroll of remove curse {unknown}
 n - a scroll of recharging {unknown}
 p - a scroll of enchant weapon {unknown}
 s - a scroll of teleportation {unknown}
Potions
 j - 2 potions of curing
 l - 2 potions of cure mutation {unknown}
 o - a potion of invisibility {unknown}
Books
 d - a book of Changes

   Spells                             Type                      Level
   a - Beastly Appendage              Transmutation                1
   b - Sticks to Snakes               Transmutation                2
   c - Spider Form                    Transmutation/Poison         3
   d - Ice Form                       Ice/Transmutation            4
   e - Blade Hands                    Transmutation                5
Comestibles
 a - a bread ration
 f - a beef jerky
 q - 4 fruits


   Skills:
 - Level 0.8 Fighting
 - Level 1.5 Dodging
 + Level 4.6 Unarmed Combat
 - Level 2.1 Spellcasting
 - Level 2.0 Transmutations


You had 5 spell levels left.
You knew the following spells:

 Your Spells              Type           Power        Failure   Level  Hunger
a - Beastly Appendage     Trmt           #.....       14%         1    #......


Dungeon Overview and Level Annotations

Branches:
Dungeon (2/15)

Altars:
Cheibriados
Fedhas
Nemelex Xobeh
Trog

Annotations:
D:2 exclusion: oklob plant


Innate Abilities, Weirdness & Mutations

You have extremely sharp teeth.
Your natural rate of healing is unusually fast.
When hurt, damage is shared between your health and your magic reserves.
Your bite disrupts and absorbs the magic of your enemies.
Potions and wands cannot restore your health.
You are immune to rotting.


Message History

You climb upwards.
You feel sick.
There is a stone staircase leading down here.
Unknown command.
There is a lethal amount of poison in your body!
There is a lethal amount of poison in your body!
* * * LOW HITPOINT WARNING * * *
You feel sick.
* * * LOW HITPOINT WARNING * * *
You feel sick.
* * * LOW HITPOINT WARNING * * *
You feel sick.
* * * LOW HITPOINT WARNING * * *
You feel sick.
* * * LOW HITPOINT WARNING * * *
You feel sick.
* * * LOW HITPOINT WARNING * * *
You feel sick.
* * * LOW HITPOINT WARNING * * *
You feel sick.
You die...

##############.######'#####'######
#...............'.....#...........
#.............#.#.###.#...........
#...............#.# #.#...........
###########......#.###.#...........
# #......#.....'........... #
#......#'#####...........
###########.#.#....###.#...........
............#.#..@.....#†..........
.############.#.#.######...........
.#..........#.#.#.# #...........
.#.########.#.#.#.# #...........
.#..# #.#.#.#.#.# #...........
.##.# #...#.#.#.#################
.##.# #######.#.#.................#
.##.# #.......#.#################.#
.##.###.#######....................


There were no monsters in sight!

Vanquished Creatures
  An adder (D:2)
  2 gnolls (D:2)
  An ooze (D:2)
  A giant cockroach (D:2)
  2 goblins (D:1)
  3 hobgoblins
  A quokka (D:2)
  3 bats
  A giant newt (D:2)
  4 kobolds
  6 rats
25 creatures vanquished.

Vanquished Creatures (others)
  12 toadstools (D:2)
12 creatures vanquished.

Grand Total: 37 creatures vanquished

Notes
Turn   | Place    | Note
--------------------------------------------------------------
     0 | D:1      | abixa, the Vine Stalker Transmuter, began the quest for the Orb.
     0 | D:1      | Reached XP level 1. HP: 9/9 MP: 3/3
   519 | D:1      | Reached XP level 2. HP: 7/14 MP: 1/5
  1129 | D:2      | Reached skill level 4 in Unarmed Combat
  1198 | D:2      | Found a snail-covered altar of Cheibriados.
  1362 | D:2      | Reached XP level 3. HP: 17/17 MP: 7/7
  1472 | D:2      | Found a bloodstained altar of Trog.
  1632 | D:2      | Found a sparkling altar of Nemelex Xobeh.
  1882 | D:2      | Found a blossoming altar of Fedhas.
  1905 | D:2      | Noticed an oklob plant
  2188 | D:1      | Succumbed to a gnoll's poison

Action                   || total
-------------------------++-------
Melee: Unarmed           ||   100
 Cast: Beastly Appendage ||    11
  Use: Potion            ||     1
  Eat: Chunk             ||     4
